 Dungeon Crawl Stone Soup version 0.28-a0-674-gdaf460b524 (webtiles) character file.

Game seed: 10739611235804689780

11 siradein the Poker (level 2, 0/22 HPs)
             Began as a Demonspawn Gladiator on Oct 18, 2021.
             Slain by an adder (1 damage)
             ... on level 2 of the Dungeon.
             The game lasted 00:02:12 (471 turns).

siradein the Poker (Demonspawn Gladiator)            Turns: 471, Time: 00:02:13

Health: 0/22       AC:  7    Str: 14    XL:     2   Next: 17%
Magic:  2/2        EV: 10    Int:  9    God:
Gold:   10         SH:  0    Dex: 14    Spells: 1/1 levels left

rFire   . . .      SeeInvis .   i - +0 triple sword
rCold   . . .      Faith    .   (shield currently unavailable)
rNeg    . . .      Spirit   .   f - +0 scale mail
rPois   .          Reflect  .   c - +0 helmet
rElec   .          Harm     .   (no cloak)
rCorr   .          Rampage  .   (no gloves)
Will    .....                   (no boots)
Stlth   ..........              (no amulet)
HPRegen 0.07/turn               (no ring)
MPRegen 0.08/turn               (no ring)

@: no status effects
A: demonic guardian 1
a: no special abilities


You were on level 2 of the Dungeon.
You visited 1 branch of the dungeon, and saw 2 of its levels.

You collected 10 gold pieces.

Inventory:

Hand Weapons
 g - a +0 hunting sling
 i - a +0 triple sword (weapon)
Missiles
 d - 3 throwing nets (quivered)
 h - 22 stones
Armour
 c - a +0 helmet (worn)
 f - a +0 scale mail (worn)
Scrolls
 b - a scroll of identify {unknown}
 e - a scroll of noise {unknown}


   Skills:
 + Level 2.2 Fighting
 + Level 0.0 Long Blades
 - Level 2.8 Polearms
 + Level 2.0 Throwing
 + Level 2.8 Dodging


You had one spell level left.
You didn't know any spells.
Your spell library was empty.

Dungeon Overview and Level Annotations

Branches:
Dungeon (1/15)

Altars:


Innate Abilities, Weirdness & Mutations

A weak demonic guardian rushes to your aid.


Message History

Your iron imp barely misses the worm.
Found a triple sword.
Your iron imp hits the worm.
The giant cockroach bites you but does no damage.
Your iron imp barely misses the worm.
The giant cockroach barely misses you. The worm bites your iron imp.
Your iron imp hits the worm!
A goblin comes into view. It is wielding a +0 dagger.
The goblin shouts!
Your iron imp barely misses the worm.
The giant cockroach barely misses you.
You see here a +0 triple sword.
i - a +0 triple sword (weapon)
Drop what? 9/52 slots (_ for help) (? for menu, Esc to quit)
You drop a +0 trident.
The giant cockroach bites you but does no damage.
The giant cockroach closely misses you.
Setting a skill training target for Long Blades at 22.0.
You barely miss the giant cockroach.
The giant cockroach is severely wounded.
The giant cockroach barely misses you.
The giant cockroach bites you but does no damage.
You slash the giant cockroach!
You kill the giant cockroach!
Your iron imp hits the goblin!
The goblin dies!
The worm bites your iron imp but does no damage.
Your iron imp hits the worm.
The worm bites your iron imp.
Your iron imp hits the worm.
A worm is nearby!
You hear an angry hiss.
Found a scroll labelled FELUAXTURUA.
You hear an angry hiss.
An adder comes into view.
Found a short runed staff.
An adder comes into view.
The adder moves out of view.
The adder bites you but does no damage.
You closely miss the adder. The adder bites you.
* * * LOW HITPOINT WARNING * * *
A demonic guardian appears!
The adder barely misses you. The adder bites you.
You die...

... #. |?. .. ##.. #.
....... +.#....#.# ##
#........# #####.#
#......#.####.....#
......5SS##...##
#......#@#8...8#
####+###.w###.##...##
#.........###.##...#
#.......w.)†).##...##
#.......#######8...8#
#.......# ##...##
#.......# ##.†...##
#.......#
###.......##
#.......#
#8.........8#


You could see 2 adders and a friendly quasit (summoned).

Vanquished Creatures
  A giant cockroach (D:2)
  A hobgoblin (D:1)
  2 kobolds (D:1)
  A quokka (D:2)
  A ball python (D:1)
  3 bats
  A frilled lizard (D:1)
10 creatures vanquished.

Vanquished Creatures (collateral kills)
  A goblin (D:2)
1 creature vanquished.

Grand Total: 11 creatures vanquished

Notes
Turn   | Place    | Note
-------+----------+-------------------------------------------
     0 | D:1      | siradein the Demonspawn Gladiator began the quest for the
                  | Orb.
     0 | D:1      | Reached XP level 1. HP: 16/16 MP: 1/1
   377 | D:1      | You fall into a shaft and drop 1 floor!
   386 | D:2      | Gained mutation: A weak demonic guardian rushes to your
                  | aid. [demonic ancestry]
   386 | D:2      | Reached XP level 2. HP: 17/22 MP: 2/2
   449 | D:2      | HP: 1/22 [worm (8)]
   471 | D:2      | HP: 1/22 [adder (1)]
   471 | D:2      | Slain by an adder

Illustrated notes

Levels and vault maps discovered:
D:1:      onia_arrival_pyramid, layout_loops_ring
D:2:      layout_basic, serial_corexii_hall, chequers_hall_statues_y,
          corexii_hall_statues_l

Skill      XL: |  1 |
---------------+----+-----
Throwing       | 2 |  2.0
Fighting       | |  2.2
Polearms       | |  2.8
Dodging        | |  2.8

Action                   || total
-------------------------++-------
Melee: Trident           ||    68
       Triple sword      ||     3
Armor: Scale mail        ||    40
Dodge: Dodged            ||    51

Table legend: (Time is in decaauts)
 A = Elapsed time spent in this place.
 B = Non-inter-level travel time spent in this place.
 C = Inter-level travel time spent in this place.
 D = Time resting spent in this place.
 E = Time spent auto-exploring this place.
 F = Levels seen in this place.
 G = Mean time per level.
                   A        B        C        D        E       F      G
               +--------+--------+--------+--------+--------+-----+--------+
         Total |    482 |    482 |      0 |      0 |    265 |   2 |  241.0 |
       Dungeon |    482 |    482 |      0 |      0 |    265 |   2 |  241.0 |
               +--------+--------+--------+--------+--------+-----+--------+

Top non-repeatable levels by time:
     D:1: 382 daAuts
     D:2: 99 daAuts
